 Dungeon Crawl Stone Soup version 0.22.0-13-g43fe8f2 (console) character file.

98 removed the Skirmisher (level 4, -1/41 HPs)
             Began as a Gnoll Abyssal Knight on Aug 16, 2018.
             Was a Believer of Lugonu.
             Slain by Grinder (6 damage)
             ... on level 3 of the Dungeon.
             The game lasted 00:05:42 (2430 turns).

removed the Skirmisher (Gnoll Abyssal Knight)       Turns: 2430, Time: 00:05:42

Health: -1/41      AC:  4    Str: 15    XL:     4   Next: 71%
Magic:  7/7        EV: 13    Int: 15    God:    Lugonu [**....]
Gold:   98         SH:  0    Dex: 14    Spells: 5/5 levels left

rFire    . . .     SeeInvis .   a - +1 spear
rCold    . . .     Gourm    .   (no shield)
rNeg     . . .     Faith    .   s - +0 leather armour
rPois    .         Spirit   .   (no helmet)
rElec    .         Reflect  .   (no cloak)
rCorr    +         Harm     .   (no gloves)
MR       .....                  l - +0 pair of boots
Stlth    ++........             n - amulet of magic regeneration
HPRegen  0.13/turn              x - ring of resist corrosion
MPRegen  0.35/turn              (no ring)

@: no status effects
A: distributed training, fangs 1, strong nose
a: Depart the Abyss, Bend Space, Renounce Religion


You were on level 3 of the Dungeon.
You worshipped Lugonu.
Lugonu was pleased with you.
You were not hungry.

You visited 1 branch of the dungeon, and saw 3 of its levels.
You visited the Abyss 1 time.

You collected 98 gold pieces.

Inventory:

Hand Weapons
 a - a +1 spear (weapon)
 b - a +1 whip of electrocution
 c - a +2 hand axe of freezing
 h - a +1 vampiric dagger
Armour
 l - a +0 pair of boots (worn)
 s - a +0 leather armour (worn)
Jewellery
 n - an amulet of magic regeneration (around neck)
 t - an uncursed ring of ice
 x - a ring of resist corrosion (left hand)
Scrolls
 q - 4 scrolls of remove curse
 w - a scroll of fear {unknown}
 y - a scroll of random uselessness {unknown}
Potions
 d - a potion of invisibility
 e - a potion of curing
 i - a potion of agility
 p - a potion of heal wounds {unknown}
 u - a potion of mutation
Comestibles
 o - 5 rations
 v - 14 chunks of flesh


   Skills:
 + Level 6.6 Fighting
 + Level 1.2 Short Blades
 + Level 1.2 Long Blades
 + Level 1.2 Axes
 + Level 1.2 Maces & Flails
 + Level 4.6 Polearms
 + Level 1.2 Staves
 + Level 1.2 Slings
 + Level 1.2 Bows
 + Level 1.2 Crossbows
 + Level 1.2 Throwing
 + Level 4.6 Armour
 + Level 2.8 Dodging
 + Level 1.2 Stealth
 + Level 1.2 Shields
 + Level 1.2 Unarmed Combat
 + Level 1.2 Spellcasting
 + Level 1.0 Conjurations
 + Level 1.0 Hexes
 + Level 1.0 Charms
 + Level 1.0 Summonings
 + Level 1.0 Necromancy
 + Level 1.0 Translocations
 + Level 1.0 Transmutations
 + Level 1.0 Fire Magic
 + Level 1.0 Ice Magic
 + Level 1.0 Air Magic
 + Level 1.0 Earth Magic
 + Level 1.0 Poison Magic
 + Level 4.7 Invocations
 + Level 1.2 Evocations


You had 5 spell levels left.
You didn't know any spells.
Your spell library contained the following spells:

 Spells                   Type           Power        Failure   Level  Hunger
 Confuse                  Hex            #.......     50%         3    ####...
 Tukima's Dance           Hex            #.......     50%         3    ####...
 Ensorcelled Hibernation  Hex/Ice        #.....       28%         2    ###....
 Corona                   Hex            #......      19%         1    ##.....
 Dazzling Spray           Conj/Hex       #.....       50%         3    ####...


Dungeon Overview and Level Annotations

Branches:
Dungeon (3/15)

Altars:

Annotations:
D:3 Grinder


Innate Abilities, Weirdness & Mutations

Your experience applies equally to all skills.
You have very sharp teeth.
Your uncanny sense of smell can sniff out nearby items.


Message History

Press: ? - help, v - describe, . - travel
Here: Grinder The floor.
Okay, then.
Some of the chunks of flesh in your inventory have rotted away.
Grinder drinks a potion.
Grinder seems to grow stronger.
Grinder says, "You look like you could use a good racking."
Grinder blinks!
Grinder gestures at you. Pain shoots through your body!
Okay, then.
Wield which item (- for none, * to show all)? (? for menu, Esc to quit)
Okay, then.
Grinder hits you!
You writhe in agony.
Okay, then.
As you read the scroll labeled GYUPLE WOXURIA, it crumbles to dust.
The scroll dissolves into smoke.
It was a scroll of fog.
Grinder hits you!
* * * LOW HITPOINT WARNING * * *
You writhe in agony.
You die...

####################
...............)...#
##################.# ##########.#
#.....§§##.# #####
#########.#####§##§##########....
..............§5@§§.......(>#.###
##.######.#####§##§########.#.#
#.# #.# #§##.# #.#.# #.# #.#
#.##.# #.#.# #.# #.# #.##.# #.#.#
# #.# #.# #.##.# #.#.# # #.# #.#
#.##.# #.#)# # #.# .#
#†##.########.#.# # #.#
#.##......)...#.# #


You could see Grinder.

Vanquished Creatures
  A centaur skeleton (D:2)
  A worm (D:2)
  A dart slug (D:2)
  3 leopard geckos
  A giant cockroach (D:3)
  10 goblins
  9 hobgoblins
  6 jackals
  5 kobolds
  A ball python (D:1)
  5 bats
  10 frilled lizards
  6 rats
59 creatures vanquished.

Notes
Turn   | Place    | Note
-------+----------+-------------------------------------------
     0 | Abyss:1  | removed the Gnoll Abyssal Knight began the quest for the Orb.
     0 | Abyss:1  | Reached XP level 1. HP: 23/23 MP: 3/3
     0 | D:1      | Escaped the Abyss
    98 | D:1      | Reached * piety under Lugonu
   193 | D:1      | Reached XP level 2. HP: 29/29 MP: 5/5
   519 | D:1      | Reached XP level 3. HP: 24/35 MP: 6/6
  1290 | D:2      | Reached skill level 1 in Short Blades
  1290 | D:2      | Reached skill level 1 in Long Blades
  1290 | D:2      | Reached skill level 1 in Axes
  1290 | D:2      | Reached skill level 1 in Maces & Flails
  1290 | D:2      | Reached skill level 1 in Staves
  1290 | D:2      | Reached skill level 1 in Slings
  1290 | D:2      | Reached skill level 1 in Bows
  1290 | D:2      | Reached skill level 1 in Crossbows
  1290 | D:2      | Reached skill level 1 in Throwing
  1290 | D:2      | Reached skill level 1 in Stealth
  1290 | D:2      | Reached skill level 1 in Shields
  1290 | D:2      | Reached skill level 1 in Unarmed Combat
  1290 | D:2      | Reached skill level 1 in Spellcasting
  1290 | D:2      | Reached skill level 1 in Evocations
  1290 | D:2      | Reached XP level 4. HP: 40/41 MP: 7/7
  1553 | D:2      | Reached ** piety under Lugonu
  2100 | D:3      | Noticed Grinder
  2226 | D:3      | Reached skill level 1 in Conjurations
  2226 | D:3      | Reached skill level 1 in Hexes
  2226 | D:3      | Reached skill level 1 in Charms
  2226 | D:3      | Reached skill level 1 in Summonings
  2226 | D:3      | Reached skill level 1 in Necromancy
  2226 | D:3      | Reached skill level 1 in Translocations
  2226 | D:3      | Reached skill level 1 in Transmutations
  2226 | D:3      | Reached skill level 1 in Fire Magic
  2226 | D:3      | Reached skill level 1 in Ice Magic
  2226 | D:3      | Reached skill level 1 in Air Magic
  2226 | D:3      | Reached skill level 1 in Earth Magic
  2226 | D:3      | Reached skill level 1 in Poison Magic
  2430 | D:3      | Slain by Grinder

Skill      XL: |  1  2  3  4 |
---------------+-------------+-----
Short Blades   | 1 |  1.2
Long Blades    | 1 |  1.2
Axes           | 1 |  1.2
Maces & Flails | 1 |  1.2
Staves         | 1 |  1.2
Slings         | 1 |  1.2
Bows           | 1 |  1.2
Crossbows      | 1 |  1.2
Throwing       | 1 |  1.2
Stealth        | 1 |  1.2
Shields        | 1 |  1.2
Unarmed Combat | 1 |  1.2
Spellcasting   | 1 |  1.2
Evocations     | 1 |  1.2
Conjurations   | 1 |  1.0
Hexes          | 1 |  1.0
Charms         | 1 |  1.0
Summonings     | 1 |  1.0
Necromancy     | 1 |  1.0
Translocations | 1 |  1.0
Transmutations | 1 |  1.0
Fire Magic     | 1 |  1.0
Ice Magic      | 1 |  1.0
Air Magic      | 1 |  1.0
Earth Magic    | 1 |  1.0
Poison Magic   | 1 |  1.0
Fighting       | |  6.6
Polearms       | |  4.6
Armour         | |  4.6
Dodging        | |  2.8
Invocations    | |  4.7

Action                   |  1- 3 |  4- 6 || total
-------------------------+-------+-------++-------
Melee: Spear             |    94 |    96 ||   190
       Bite              |     4 |     8 ||    12
Invok: Depart the Abyss  |     1 |       ||     1
  Use: Scroll            |     6 |     3 ||     9
 Stab: Distracted        |       |     1 ||     1
       Sleeping          |       |     1 ||     1
  Eat: Chunk             |       |     5 ||     5
Armor: Leather armour    |    16 |    14 ||    30
Dodge: Dodged            |    39 |    26 ||    65
